 Dungeon Crawl Stone Soup version 0.23-a0-489-g205b0b6 (webtiles) character file.

81 Megalobster the Firebug (level 4, 0/33 HPs)
             Began as a Draconian Fire Elementalist on Dec 2, 2018.
             Killed by divine providence
             ... invoked by an orc priest
              (14 damage)
             ... on level 3 of the Dungeon.
             The game lasted 00:09:44 (2255 turns).

Megalobster the Firebug (DrFE)                      Turns: 2255, Time: 00:09:45

Health: 0/33       AC:  5    Str: 11    XL:     4   Next: 20%
Magic:  1/8        EV: 12    Int: 16    God:
Gold:   58         SH:  0    Dex: 11    Spells: 3/9 levels left

rFire    . . .     SeeInvis .   e - +0 dagger
rCold    . . .     Gourm    .   (no shield)
rNeg     . . .     Faith    .   (armour unavailable)
rPois    .         Spirit   .   (helmet restricted)
rElec    .         Reflect  .   (no cloak)
rCorr    .         Harm     .   (no gloves)
MR       .....                  (no boots)
Stlth    ++........             (no amulet)
HPRegen  0.11/turn              (no ring)
MPRegen  0.11/turn              (no ring)

@: no status effects
A: unfitting armour, cold-blooded, AC +5
a: no special abilities


You were on level 3 of the Dungeon.
You were not hungry.

You visited 1 branch of the dungeon, and saw 3 of its levels.

You collected 58 gold pieces.

Inventory:

Hand Weapons
 e - a +0 dagger (weapon)
 g - a +0 club
Missiles
 j - 44 stones (quivered)
Scrolls
 a - a scroll of blinking {unknown}
 c - a scroll of teleportation {unknown}
 d - 2 scrolls of amnesia {unknown}
 f - a scroll of enchant armour {unknown}
 h - a scroll of remove curse {unknown}
 i - 3 scrolls of identify {unknown}
 l - a scroll of noise {unknown}
Comestibles
 b - 5 rations
 k - 2 chunks of flesh


   Skills:
 - Level 1.7 Dodging
 - Level 1.7 Stealth
 * Level 3.3 Spellcasting
 + Level 2.1 Conjurations
 + Level 3.5 Fire Magic


You had 3 spell levels left.
You knew the following spells:

 Your Spells              Type           Power        Failure   Level  Hunger
a - Flame Tongue          Conj/Fire      ##...        5%          1    None
b - Throw Flame           Conj/Fire      ##....       9%          2    ##.....
c - Conjure Flame         Conj/Fire      ##......     17%         3    ###....

Your spell library contained the following spells:

 Spells                   Type           Power        Failure   Level  Hunger
 Inner Flame              Hex/Fire       #.......     26%         3    ###....
 Sticky Flame             Conj/Fire      ##......     50%         4    ####...
 Fireball                 Conj/Fire      ##........   83%         5    ######.


Dungeon Overview and Level Annotations

Branches:
Dungeon (3/15)

Altars:
Wu Jian


Innate Abilities, Weirdness & Mutations

Your plain brown scales are hard. (AC +5)
You cannot fit into any form of body armour.
You are cold-blooded and may be slowed by cold attacks.


Message History

You take 7 damage, and have 13/33 hp.
MASSIVE DAMAGE!!
You now have 3/8 mp.
Casting: Flame Tongue (safe; 5% risk of failure)
Confirm with . or Enter, or press ? or * to list all spells.
Aiming: Flame Tongue (safe; 5% risk of failure)
Press: ? - help, Shift-Dir - straight line, f/p - orc priest
Aim: an orc priest, wielding a +0 dagger and wearing a +0 chain mail (almost The flame tongue hits the orc priest.
The orc priest appears unharmed.
The orc priest is almost dead.
The orc priest hits you but does no damage.
You now have 2/8 mp.
Casting: Flame Tongue (safe; 5% risk of failure)
Confirm with . or Enter, or press ? or * to list all spells.
Aiming: Flame Tongue (safe; 5% risk of failure)
Press: ? - help, Shift-Dir - straight line, f/p - orc priest
Aim: an orc priest, wielding a +0 dagger and wearing a +0 chain mail (almost The flame tongue hits the orc priest.
The orc priest appears unharmed.
The orc priest is almost dead.
The orc priest mumbles some strange prayers to Beogh against you.
Beogh smites you!
You die...

#. #.# #. #.###
..##.####...####
......#........#
#.###.........<#
......?........#
.......<.......#
..(!..o........#
.....[#@.....(.#
......#........#
......#...######
..... #...#
.o... ##### ....


You could see an orc priest.

Vanquished Creatures
  2 adders (D:2)
  An ooze (D:1)
  A worm (D:2)
  3 dart slugs (D:2)
  2 leopard geckos
  4 bats
  2 giant cockroaches
  5 goblins
  2 hobgoblins (D:1)
  6 jackals (D:1)
  5 kobolds
  A quokka (D:2)
  A ball python (D:2)
  6 frilled lizards
  6 rats
47 creatures vanquished.

Notes
Turn   | Place    | Note
-------+----------+-------------------------------------------
     0 | D:1      | Megalobster the Draconian Fire Elementalist began the quest
                  | for the Orb.
     0 | D:1      | Reached XP level 1. HP: 14/14 MP: 3/3
   286 | D:1      | Reached XP level 2. HP: 20/20 MP: 3/5
   290 | D:1      | Learned a level 2 spell: Throw Flame
  1044 | D:1      | Reached XP level 3. HP: 23/26 MP: 1/7
  1398 | D:2      | Found an ornate altar of the Wu Jian Council.
  1451 | D:2      | Learned a level 3 spell: Conjure Flame
  1724 | D:2      | Reached XP level 4. HP: 33/33 MP: 0/8
  2255 | D:3      | Killed from afar by an orc priest

Vault maps used:
D:1:      dpeg_arrival_orchard, minmay_domino_4
D:2:      marbit_many_paths, first_ration, minmay_misc_feat_pillars
D:3:      chequers_ecumenical_altar_simple, chequers_jeans

Skill      XL: |  1  2  3 |
---------------+----------+-----
Spellcasting   | 3 |  3.3
Conjurations   | 2 |  2.1
Dodging        | |  1.7
Stealth        | |  1.7
Fire Magic     | |  3.5

Action                   |  1- 3 |  4- 6 || total
-------------------------+-------+-------++-------
Melee: Club              |    23 |       ||    23
       Tailslap          |     2 |       ||     2
       Dagger            |     5 |     1 ||     6
Throw: Stone             |     1 |     3 ||     4
 Cast: Flame Tongue      |    66 |    23 ||    89
       Throw Flame       |     1 |       ||     1
       Conjure Flame     |     1 |     1 ||     2
  Use: Potion            |     1 |       ||     1
 Stab: Sleeping          |       |     1 ||     1
  Eat: Chunk             |     3 |     2 ||     5
Armor: Skin              |    24 |     1 ||    25
Dodge: Dodged            |    43 |     2 ||    45

Table legend:
 A = Non-vault XP
 B = Vault XP
 C = Vault XP percentage of total XP
 D = Non-vault monster count
 E = Vault monster count
 F = Vault count percentage of total count
                 A         B        C        D         E       F
            +---------+---------+-------+---------+---------+-------
      Total |     114 |       3 |   2.6 |      44 |       3 |   6.4
            +---------+---------+-------+---------+---------+-------
        D:1 |      49 |       2 |   3.9 |      25 |       2 |   7.4
        D:2 |      65 |       1 |   1.5 |      19 |       1 |   5.0
            +---------+---------+-------+---------+---------+-------
